 Dungeon Crawl Stone Soup version 0.18-a0-1436-gfa8758d (webtiles) character file.

98 MenacingMecha the Cudgeler (level 4, -1/48 HPs)
             Began as an Ogre Berserker on Feb 29, 2016.
             Was a Believer of Trog.
             Slain by a goblin (4 damage)
             ... on level 2 of the Dungeon.
             The game lasted 00:17:37 (1903 turns).

MenacingMecha the Cudgeler (Ogre Berserker)         Turns: 1903, Time: 00:17:39

Health: -1/48      AC:  3    Str: 26    XL:     4   Next: 71%
Magic:  4/4        EV: 10    Int:  6    God:    Trog [**....]
Gold:   107        SH:  0    Dex:  9    Spells: 0 memorised, 3 levels left

rFire  + . .     SeeInvis .     a - +0 mace
rCold  . . .     Gourm    +     b - +0 animal skin
rNeg   . . .     Faith    .     (no shield)
rPois  .         Spirit   .     (helmet restricted)
rElec  .         Dismiss  .     (no cloak)
rCorr  .         Reflect  .     (gloves unavailable)
SustAt .         Harm     .     (boots unavailable)
MR     ++...                    h - amulet of the gourmand
Stlth  +.........               o - ring of protection from fire
                                e - +3 ring of strength

@: lethally poisoned (-1 -> -1), exhausted, regenerating, slowed, very slow,
very resistant to hostile enchantments, very unstealthy
A: unfitting armour, tough skin 1
a: Berserk, Trog's Hand, Burn Spellbooks, Renounce Religion


You were on level 2 of the Dungeon.
You worshipped Trog.
Trog was pleased with you.
You were very full.

You visited 1 branch of the dungeon, and saw 2 of its levels.

You collected 107 gold pieces.

Inventory:

Hand Weapons
 a - a +0 mace (weapon)
Armour
 b - a +0 animal skin (worn)
Jewellery
 e - a +3 ring of strength (left hand)
 h - an amulet of the gourmand (around neck)
 o - a ring of protection from fire (right hand)
Scrolls
 d - 2 scrolls of identify {unknown}
 f - a scroll of enchant armour {unknown}
 l - a scroll of blinking {unknown}
 n - a scroll of teleportation {unknown}
Potions
 g - a potion of magic {unknown}
 i - a potion of degeneration {unknown}
 j - 3 potions of curing {unknown}
Comestibles
 c - a bread ration
 k - a meat ration
 m - 2 chunks of flesh
 p - a fruit


   Skills:
 - Level 4.0 Fighting
 + Level 7.0 Maces & Flails
 - Level 2.6 Dodging


You had 3 spell levels left.
You didn't know any spells.

Dungeon Overview and Level Annotations

Branches:
Dungeon (2/15)

Altars:
Ashenzari
Yredelemnul


Innate Abilities, Weirdness & Mutations

You are too large for most types of armour.
You have tough skin (AC +1).


Message History

* * * LOW HITPOINT WARNING * * *
The goblin hits you.
* * * LOW HITPOINT WARNING * * *
You closely miss the goblin.
You feel sick. The goblin closely misses you. x2
The goblin hits you but does no damage.
You closely miss the goblin. The goblin barely misses you. The goblin hits you.
* * * LOW HITPOINT WARNING * * *
The goblin barely misses you.
You barely miss the goblin. The goblin hits you but does no damage.
The goblin hits you.
* * * LOW HITPOINT WARNING * * *
The goblin closely misses you.
You closely miss the goblin.
You feel sick. The goblin hits you.
* * * LOW HITPOINT WARNING * * *
The goblin hits you.
* * * LOW HITPOINT WARNING * * *
The goblin hits you.
* * * LOW HITPOINT WARNING * * *
The goblin hits you.
You die...

....##..........)...†.##.#
.... ##............#.###=#
... #..........#.#.# #..
...##..........#.... #..
................#......#
...#.........._.........
.. #...........)...##...
...##...........##.....#
#...†@†.......##.#...#
......g)g...... ....#
.#.##...>...... .#...#
...............
...............
....#.........#
....#........## ...
#.......##


You could see 2 goblins.

Vanquished Creatures
  3 adders (D:2)
  4 worms (D:2)
  2 dart slugs (D:1)
  A ball python (D:2)
  7 bats
  3 giant cockroaches
  2 gnoll zombies (D:2)
  7 goblins
  6 hobgoblins
  2 quokkas (D:2)
  2 giant newts (D:1)
  11 kobolds
  3 rats
53 creatures vanquished.

Notes
Turn   | Place    | Note
--------------------------------------------------------------
     0 | D:1      | MenacingMecha the Ogre Berserker began the quest for the Orb.
     0 | D:1      | Reached XP level 1. HP: 24/24 MP: 1/1
   160 | D:1      | Reached XP level 2. HP: 26/32 MP: 2/2
   308 | D:1      | Reached skill level 5 in Maces & Flails
   738 | D:1      | Reached XP level 3. HP: 37/39 MP: 3/3
   900 | D:1      | Reached ** piety under Trog
  1235 | D:2      | Reached skill level 6 in Maces & Flails
  1578 | D:2      | Found a shattered altar of Ashenzari.
  1597 | D:2      | Reached XP level 4. HP: 38/48 MP: 4/4
  1820 | D:2      | Found a basalt altar of Yredelemnul.
  1895 | D:2      | Reached skill level 7 in Maces & Flails
  1903 | D:2      | Slain by a goblin

Vault maps used:
D:1:      ncdulo_smallfort, serial_bayou, serial_bayou_lagoon_a,
          serial_bayou_lake_a, serial_bayou_pond_d, serial_bayou_pond_a,
          serial_bayou_pond_d
D:2:      overflow_temple_1_default, okawaru_metal_pillars_1_2,
          lemuel_zombie_altar_yredelemnul, grunt_pakellas_sulfur

Skill      XL: |  1  2  3  4 |
---------------+-------------+-----
Maces & Flails | 5 6 7 |  7.0
Fighting       | |  4.0
Dodging        | |  2.6

Action                   |  1- 3 |  4- 6 || total
-------------------------+-------+-------++-------
Melee: Mace              |   135 |    55 ||   190
Invok: Berserk           |     3 |     1 ||     4
       Trog's Hand       |       |     1 ||     1
  Eat: Chunk             |    21 |     3 ||    24
